 Dungeon Crawl Stone Soup version 0.27.1-1-g398f81649c (webtiles) character file.

Game seed: 9989873718995136065

2613 pkoi the Grappler (level 9, -2/80 HPs)
             Began as a Troll Berserker on Sept 9, 2021.
             Was a Believer of Trog.
             Slain by a killer bee (7 damage)
             ... on level 7 of the Dungeon.
             The game lasted 00:08:18 (6278 turns).

pkoi the Grappler (Troll Berserker)                 Turns: 6278, Time: 00:08:18

Health: -2/80      AC: 10    Str: 29    XL:     9   Next: 34%
Magic:  8/8        EV: 10    Int:  4    God:    Trog [**....]
Gold:   348        SH:  0    Dex:  9    Spells: 8/8 levels left

rFire    . . .     SeeInvis .     - Unarmed
rCold    . . .     Faith    .   (no shield)
rNeg     . . .     Spirit   .   a - +0 animal skin
rPois    .         Reflect  .   (helmet restricted)
rElec    .         Harm     .   l - +1 cloak
rCorr    .         Rampage  .   (gloves unavailable)
Will     ++...                  (boots unavailable)
Stlth    +.........             (no amulet)
HPRegen  2.23/turn              b - +4 ring of protection
MPRegen  0.11/turn              (no ring)

@: lethally poisoned (-2 -> -2), strong-willed (expiring), regenerating
(expiring)
A: large, unfitting armour, claws 3, regeneration 1, shaggy fur 1, tough skin 1
a: Renounce Religion, Berserk, Trog's Hand


You were on level 7 of the Dungeon.
You worshipped Trog.
Trog was pleased with you.
You visited 2 branches of the dungeon, and saw 8 of its levels.

You collected 348 gold pieces.

Inventory:

Missiles
 e - 87 poisoned darts (quivered)
Armour
 a - a +0 animal skin (worn)
 l - a +1 cloak (worn)
Jewellery
 b - a +4 ring of protection (left claw)
 i - a ring of ice
Wands
 k - a wand of digging (8)
 m - a wand of flame (18)
 q - a wand of acid (7)
 s - a wand of polymorph (4)
Scrolls
 c - a scroll of amnesia
 g - 2 scrolls of fear
 h - 3 scrolls of magic mapping
 n - a scroll of enchant weapon
 u - a scroll of vulnerability
 w - 2 scrolls of blinking
Potions
 d - a potion of cancellation {unknown}
 f - 2 potions of might
 j - a potion of lignification
 o - a potion of invisibility
 p - 2 potions of mutation {unknown}
 r - 2 potions of heal wounds
 t - a potion of brilliance
 v - a potion of resistance
 x - a potion of magic
 z - 3 potions of curing {unknown}


   Skills:
 + Level 2.6 Fighting
 + Level 0.7 Throwing
 + Level 0.7 Armour
 + Level 2.6 Dodging
 + Level 12.4 Unarmed Combat
 + Level 0.6 Evocations


You had 8 spell levels left.
You didn't know any spells.
Your spell library was empty.

Dungeon Overview and Level Annotations

Branches:
Dungeon (7/15)             Temple (1/1) D:4

Altars:
Cheibriados
Dithmenos
Elyvilon
Fedhas
Gozag
Hepliaklqana
Kikubaaqudgha
Makhleb
Nemelex Xobeh
Qazlal
Trog
Uskayaw
Xom
Yredelemnul
Zin
The Shining One

Shops:
D:4 *


Innate Abilities, Weirdness & Mutations

You are too large for most types of armour.
You have claws for hands.
Your natural rate of healing is unusually fast.
You are covered in fur. (AC +1)
You have tough skin. (AC +1)


Message History

The killer bee stings you but does no damage.
You closely miss the killer bee.
The killer bee is severely wounded.
You feel sick. The killer bee closely misses you.
You barely miss the killer bee.
The killer bee is severely wounded.
The killer bee stings you but does no damage.
The killer bee stings you.
* * * LOW HITPOINT WARNING * * *
You are more poisoned.
The killer bee poisons you!
You miss the killer bee.
The killer bee is severely wounded.
You feel very sick.
The killer bee stings you but does no damage.
Unknown command.
You claw the killer bee!
You kill the killer bee!
Trog accepts your kill.
You feel sick.
Unknown command.
You miss the killer bee.
You feel sick.
The killer bee stings you but does no damage.
The gnoll closely misses you.
The killer bee stings you but does no damage.
Unknown command.
You miss the killer bee.
You feel the effects of Trog's Hand fading.
You feel sick.
The killer bee stings you but does no damage.
Unknown command.
You miss the killer bee. Your claw misses the killer bee.
You feel sick. The killer bee barely misses you.
The gnoll hits you from afar with a +0 halberd!
* * * LOW HITPOINT WARNING * * *
The killer bee stings you.
* * * LOW HITPOINT WARNING * * *
Unknown command.
You completely miss the killer bee.
You feel sick. The killer bee stings you!
You die...

##..# #..#....#####....# .# #
###..##..........#:# ..# #
.#>......#..####.#..##.##.
##...........................
......###..##...####.........
...##.##...# #...###.........
####.##.#.# #yg.#.#.....#.
#####.##.#..# #y#g.y.....## .
#........##... #@####y##..##
..# #........# ##....#
#.###..#..# #........#
#########y.##.....##
#........# #...gyy/......
#....<...# #..##gg.......
#........# #.# ##..._...#
########## #. ......... #.
......... # .##.....##


You could see a gnoll shaman and 2 killer bees.

Vanquished Creatures
  Pikel (D:5)
  Grinder (D:5)
  Sigmund (D:2)
  Edmund (D:5)
  A water moccasin (D:7)
  A sky beast (D:5)
  An orc warrior (D:6)
  An ice beast (D:5)
  2 black bears
  A necrophage (D:6)
  2 ogres
  A bullfrog (D:7)
  A kobold brigand (D:7)
  2 scorpions
  3 killer bees (D:7)
  A bullfrog zombie (D:6)
  A jelly (D:4)
  A centaur skeleton (D:7)
  An orc priest (D:6)
  2 centaur zombies (D:7)
  A hound (D:5)
  An iguana (D:5)
  5 orc wizards
  A scorpion zombie (D:5)
  A hound skeleton (D:4)
  5 adders
  2 gnolls (D:7)
  A white imp (D:7)
  An ufetubus (D:5)
  A worm (D:3)
  2 dart slugs
  18 orcs
  7 ball pythons
  5 endoplasms
  3 giant cockroaches
  5 goblins
  6 hobgoblins
  5 kobolds
  4 bats
  A frilled lizard (D:3)
  4 rats
  A spectral orc (D:3)
106 creatures vanquished.

Notes
Turn   | Place    | Note
-------+----------+-------------------------------------------
     0 | D:1      | pkoi the Troll Berserker began the quest for the Orb.
     0 | D:1      | Reached XP level 1. HP: 22/22 MP: 0/0
   146 | D:1      | Reached XP level 2. HP: 29/29 MP: 1/1
   578 | D:1      | Found a faded altar of an unknown god.
   635 | D:2      | Reached skill level 4 in Unarmed Combat
   744 | D:2      | Reached XP level 3. HP: 36/36 MP: 2/2
   788 | D:2      | Found a snail-covered altar of Cheibriados.
  1012 | D:2      | Noticed Sigmund
  1207 | D:3      | Found a hide-covered altar of Uskayaw.
  1614 | D:3      | Found a basalt altar of Yredelemnul.
  2033 | D:4      | Reached XP level 4. HP: 34/44 MP: 3/3
  2036 | D:4      | Reached skill level 5 in Unarmed Combat
  2595 | D:4      | Noticed a black bear
  2609 | D:4      | Killed a black bear
  2610 | D:4      | Reached skill level 6 in Unarmed Combat
  2610 | D:4      | Reached XP level 5. HP: 39/50 MP: 4/4
  2885 | D:4      | Found a staircase to the Ecumenical Temple.
  2942 | D:4      | Reached ** piety under Trog
  3069 | D:4      | Found Uratux's Assorted Antiques.
  3345 | D:5      | Entered Level 5 of the Dungeon
  3353 | D:5      | Noticed Grinder
  3357 | D:5      | Noticed an ogre
  3371 | D:5      | Killed an ogre
  3372 | D:5      | Reached skill level 7 in Unarmed Combat
  3372 | D:5      | Reached XP level 6. HP: 33/59 MP: 5/5
  3418 | D:5      | Noticed a sky beast
  3435 | D:5      | Killed a sky beast
  3469 | D:5      | Paralysed by Grinder for 3 turns
  3474 | D:5      | Killed Grinder
  3475 | D:5      | Reached skill level 8 in Unarmed Combat
  3475 | D:5      | Reached XP level 7. HP: 66/66 MP: 6/6
  3614 | D:5      | Reached skill level 9 in Unarmed Combat
  3647 | D:5      | Noticed Pikel
  3656 | D:5      | Killed Pikel
  3657 | D:5      | Reached skill level 10 in Unarmed Combat
  3657 | D:5      | Reached XP level 8. HP: 74/74 MP: 7/7
  3796 | D:5      | Noticed Edmund
  3806 | D:5      | Killed Edmund
  4548 | D:2      | Killed Sigmund
  4549 | D:2      | Reached skill level 11 in Unarmed Combat
  4951 | D:6      | Reached XP level 9. HP: 67/80 MP: 8/8
  5112 | D:6      | Found a white marble altar of Elyvilon.
  5360 | D:7      | Reached skill level 12 in Unarmed Combat
  5485 | Temple   | Entered the Ecumenical Temple
  6244 | D:7      | Found a shadowy altar of Dithmenos.
  6278 | D:7      | Slain by a killer bee

Illustrated notes

Levels and vault maps discovered:
D:1:      kennysheep_arrival_forest, layout_loops_ring,
          chequers_ecumenical_altar_twisty
D:2:      layout_rooms, serial_corexii_hall, corexii_hall_statues_x,
          corexii_hall_statues_i, basic_altar, uniq_sigmund
D:3:      minmay_door_path, layout_loops_ring,
          yredelemnul_forgotten_temple_becter, mainiacjoe_overflow_tiny_flanked
D:4:      layout_layer_cave, minmay_temple_entry_antechambers, serial_shops,
          nicolae_shop_behind_doors
D:5:      layout_loops_ring, glass_columns_b, uniq_edmund, uniq_grinder,
          uniq_pikel
D:6:      layout_cave_pods, elyvilon_altar_5, minmay_misc_feat_columns
D:7:      layout_rooms, nicolae_dithmenos_shadow_blocks, lemuel_doored_altar,
          vehumet_statue, serial_bayou_ford_a
Temple:   minmay_temple_forest_path

Skill      XL: |  1  2  3  4  5  6  7  8  9 |
---------------+----------------------------+-----
Unarmed Combat | 4 6 7 8 10 11 12 | 12.4
Fighting       | |  2.6
Throwing       | |  0.7
Armour         | |  0.7
Dodging        | |  2.6
Evocations     | |  0.6

Action                   |  1- 3 |  4- 6 |  7- 9 || total
-------------------------+-------+-------+-------++-------
Melee: Unarmed           |    93 |    64 |   150 ||   307
       Punch             |     1 |     1 |     6 ||     8
Invok: Berserk           |       |     1 |     3 ||     4
       Trog's Hand       |       |       |     2 ||     2
  Use: Scroll            |       |     9 |    11 ||    20
Armor: Animal skin       |    45 |    30 |    83 ||   158
Dodge: Dodged            |    57 |    29 |    61 ||   147
